TOP OF THE 1ST |
London Majors batting - Pitching for Chester Pirates : LHP Stan Stirnweiss
|
Pitching: LHP Stan Stirnweiss
|
|
Batting: RHB Victor Ayala
|
0-0: Called Strike 0-1: Foul Ball, location: 2F 0-2: Fly out, F9 (Flyball, 89D, EV 91.3 MPH)
|
Batting: RHB Bill Murray
|
0-0: Fly out, F3 (Popup, 3L, EV 76.9 MPH)
|
Batting: RHB Norm Mercer
|
0-0: Swinging Strike 0-1: Ball 1-1: Ball 2-1: Foul Ball, location: 2F 2-2: Strikes out looking
|
Top of the 1st over - 0 runs, 0 hits, 0 errors, 0 left on base; London 0 - Chester 0 |
BOTTOM OF THE 1ST |
Chester Pirates batting - Pitching for London Majors : RHP Brian Bailes
|
Pitching: RHP Brian Bailes
|
|
Batting: RHB Terrence Wilson
|
0-0: Fly out, F7 (Flyball, 7S, EV 90.6 MPH)
|
Batting: RHB Tim Moore
|
0-0: Swinging Strike 0-1: Foul Ball, location: 2F 0-2: Foul Ball, location: 2F 0-2: Reached via error on a dropped throw from 2B, E3 (Groundball, 34, EV 88.8 MPH)
|
Batting: RHB Brandon White
|
0-0: Foul Ball, location: 2F 0-1: Ball 1-1: Ball 2-1: Ball 3-1: Base on Balls Tim Moore to second
|
Batting: RHB Zach Chmieleski
|
0-0: Ball 1-0: Foul Ball, location: 2F 1-1: Foul Ball, location: 2F 1-2: Ball 2-2: Foul Ball, location: 2F 2-2: Ball 3-2: Strikes out swinging
|
Batting: SHB Don Hauk
|
0-0: Foul Ball, location: 2F 0-1: Ball 1-1: Foul Ball, location: 2F 1-2: Ball 2-2: Foul Ball, location: 2F 2-2: Ball 3-2: Fly out, F9 (Flyball, 9LS, EV 75.0 MPH)
|
Bottom of the 1st over - 0 runs, 0 hits, 1 error, 2 left on base; London 0 - Chester 0 |
TOP OF THE 2ND |
London Majors batting - Pitching for Chester Pirates : LHP Stan Stirnweiss
|
Batting: RHB Brock Van Gilder
|
0-0: Ball 1-0: Ball 2-0: Swinging Strike 2-1: Swinging Strike 2-2: Ball 3-2: Strikes out swinging
|
Batting: RHB Bobby Lasaguna
|
0-0: Swinging Strike 0-1: Fly out, F3 (Flyball, 3D, EV 83.1 MPH)
|
Batting: RHB Pete Duncan
|
0-0: SOLO HOME RUN (Flyball, 8LXD, EV 94.4 MPH) (Inside the Park)
|
Batting: RHB Mike Chamberlain
|
0-0: Foul Ball, location: 2F 0-1: Foul Ball, location: 2F 0-2: Ball 1-2: Foul Ball, location: 2F 1-2: Ground out 4-3 (Groundball, 4, EV 90.6 MPH)
|
Top of the 2nd over - 1 run, 1 hit, 0 errors, 0 left on base; London 1 - Chester 0 |
BOTTOM OF THE 2ND |
Chester Pirates batting - Pitching for London Majors : RHP Brian Bailes
|
Batting: LHB Dustin Herman
|
0-0: Ball 1-0: Called Strike 1-1: Foul Ball, location: 2F 1-2: Ground out 4-3 (Groundball, 4, EV 82.5 MPH)
|
Batting: RHB Frank Elizondo
|
0-0: Ball 1-0: Foul Ball, location: 2F 1-1: Swinging Strike 1-2: Ball 2-2: Strikes out looking
|
Batting: RHB Erik Mulligan
|
0-0: Ball 1-0: Fly out, F7 (Flyball, 7S, EV 78.1 MPH)
|
Bottom of the 2nd over - 0 runs, 0 hits, 0 errors, 0 left on base; London 1 - Chester 0 |
TOP OF THE 3RD |
London Majors batting - Pitching for Chester Pirates : LHP Stan Stirnweiss
|
Batting: RHB Terry Plumley
|
0-0: Ball 1-0: Foul Ball, location: 2F 1-1: Called Strike 1-2: Ball 2-2: SINGLE (Flyball, 5D, EV 93.8 MPH)
|
Batting: RHB Bobby Roldan
|
0-0: Fielders Choice at 2nd, 4-6 (Groundball, 4, EV 100.0 MPH)
|
Batting: RHB Victor Ayala
|
0-0: 2-RUN HOME RUN (Flyball, 78XD, EV 105.0 MPH), Distance : 432 ft
|
Batting: RHB Bill Murray
|
0-0: Ball 1-0: Fly out, F7 (Flyball, 7, EV 83.1 MPH)
|
Batting: RHB Norm Mercer
|
0-0: Foul Ball, location: 2F 0-1: Ball 1-1: Called Strike 1-2: Strikes out looking
|
Top of the 3rd over - 2 runs, 2 hits, 0 errors, 0 left on base; London 3 - Chester 0 |
BOTTOM OF THE 3RD |
Chester Pirates batting - Pitching for London Majors : RHP Brian Bailes
|
Batting: LHB Chad Cutler
|
0-0: Swinging Strike 0-1: Ball 1-1: Ball 2-1: Foul Ball, location: 2F 2-2: Strikes out swinging
|
Batting: RHB Terrence Wilson
|
0-0: Ball 1-0: Swinging Strike 1-1: Ball 2-1: Swinging Strike 2-2: Foul Ball, location: 2F 2-2: Foul Ball, location: 2F 2-2: Ball 3-2: Strikes out swinging
|
Batting: RHB Tim Moore
|
0-0: Called Strike 0-1: Fly out, F9 (Flyball, 9S, EV 88.1 MPH)
|
Bottom of the 3rd over - 0 runs, 0 hits, 0 errors, 0 left on base; London 3 - Chester 0 |
TOP OF THE 4TH |
London Majors batting - Pitching for Chester Pirates : LHP Stan Stirnweiss
|
Batting: RHB Brock Van Gilder
|
0-0: Fly out, F9 (Flyball, 9D, EV 96.9 MPH)
|
Batting: RHB Bobby Lasaguna
|
0-0: Ball 1-0: Called Strike 1-1: Called Strike 1-2: Foul Ball, location: 2F 1-2: Ball 2-2: Ball 3-2: Strikes out swinging
|
Batting: RHB Pete Duncan
|
0-0: Called Strike 0-1: Ball 1-1: Ball 2-1: Ground out 6-3 (Groundball, 6, EV 78.8 MPH)
|
Top of the 4th over - 0 runs, 0 hits, 0 errors, 0 left on base; London 3 - Chester 0 |
BOTTOM OF THE 4TH |
Chester Pirates batting - Pitching for London Majors : RHP Brian Bailes
|
Batting: RHB Brandon White
|
0-0: Ball 1-0: Ground out 5-3 (Groundball, 56, EV 88.1 MPH)
|
Batting: RHB Zach Chmieleski
|
0-0: Foul Ball, location: 2F 0-1: Ball 1-1: Swinging Strike 1-2: Foul Ball, location: 2F 1-2: Strikes out swinging
|
Batting: SHB Don Hauk
|
0-0: Foul Ball, location: 2F 0-1: Ball 1-1: Called Strike 1-2: Foul Ball, location: 2F 1-2: Ball 2-2: Strikes out looking
|
Bottom of the 4th over - 0 runs, 0 hits, 0 errors, 0 left on base; London 3 - Chester 0 |
TOP OF THE 5TH |
London Majors batting - Pitching for Chester Pirates : LHP Stan Stirnweiss
|
Batting: RHB Mike Chamberlain
|
0-0: Ball 1-0: Foul Ball, location: 2F 1-1: Ball 2-1: Ground out 4-3 (Groundball, 4, EV 91.9 MPH)
|
Batting: RHB Terry Plumley
|
0-0: Ball 1-0: Swinging Strike 1-1: Ball 2-1: Foul Ball, location: 2F 2-2: Fly out, F6 (Popup, 6M, EV 63.1 MPH)
|
Batting: RHB Bobby Roldan
|
0-0: Ball 1-0: Reached on error, E3 (Groundball, 34S, EV 84.4 MPH)
|
Batting: RHB Victor Ayala
|
0-0: Called Strike 0-1: Ball 1-1: Ball 2-1: Ball 3-1: Foul Ball, location: 2F 3-2: Ground out 1-3 (Groundball, P, EV 65.6 MPH)
|
Top of the 5th over - 0 runs, 0 hits, 1 error, 1 left on base; London 3 - Chester 0 |
BOTTOM OF THE 5TH |
Chester Pirates batting - Pitching for London Majors : RHP Brian Bailes
|
Batting: LHB Dustin Herman
|
0-0: Ball 1-0: Ball 2-0: Ball 3-0: Called Strike 3-1: Called Strike 3-2: Base on Balls
|
Batting: RHB Frank Elizondo
|
0-0: Called Strike 0-1: Ball 1-1: Swinging Strike 1-2: Ball 2-2: Ball 3-2: Strikes out swinging
|
Batting: RHB Erik Mulligan
|
0-0: Foul Ball, location: 2F 0-1: Called Strike 0-2: Ball 1-2: Ball 2-2: Foul Ball, location: 2F 2-2: Strikes out swinging
|
Batting: LHB Chad Cutler
|
0-0: SINGLE (Line Drive, 6D, EV 101.9 MPH) Dustin Herman to second
|
Batting: RHB Terrence Wilson
|
0-0: Foul Ball, location: 2F 0-1: Ball 1-1: Swinging Strike 1-2: Foul Ball, location: 2F 1-2: Ball 2-2: Strikes out looking
|
Bottom of the 5th over - 0 runs, 1 hit, 0 errors, 2 left on base; London 3 - Chester 0 |
TOP OF THE 6TH |
London Majors batting - Pitching for Chester Pirates : LHP Stan Stirnweiss
|
Batting: RHB Bill Murray
|
0-0: Called Strike 0-1: Foul Ball, location: 2F 0-2: Strikes out looking
|
Batting: RHB Norm Mercer
|
0-0: Called Strike 0-1: Ball 1-1: Ball 2-1: Fly out, F9 (Flyball, 9LM, EV 79.4 MPH)
|
Batting: RHB Brock Van Gilder
|
0-0: Fly out, F4 (Flyball, 4D, EV 90.6 MPH)
|
Top of the 6th over - 0 runs, 0 hits, 0 errors, 0 left on base; London 3 - Chester 0 |
BOTTOM OF THE 6TH |
Chester Pirates batting - Pitching for London Majors : RHP Brian Bailes
|
Batting: RHB Tim Moore
|
0-0: Called Strike 0-1: Ball 1-1: Ball 2-1: SINGLE (Groundball, 4D, EV 108.1 MPH)
|
Batting: RHB Brandon White
|
0-0: Foul Ball, location: 2F 0-1: Swinging Strike 0-2: DOUBLE (Flyball, 89XD, EV 109.4 MPH) Tim Moore to third
|
Batting: RHB Zach Chmieleski
|
0-0: Foul Ball, location: 2F 0-1: Foul Ball, location: 2F 0-2: Foul Ball, location: 2F 0-2: 3-RUN HOME RUN (Flyball, 7LD, EV 93.1 MPH), Distance : 341 ft
|
Batting: SHB Don Hauk
|
0-0: Fly out, F9 (Line Drive, 9D, EV 83.1 MPH)
|
Batting: LHB Dustin Herman
|
0-0: Called Strike 0-1: Swinging Strike 0-2: Ball 1-2: Ball 2-2: Strikes out swinging
|
Batting: RHB Frank Elizondo
|
0-0: Called Strike 0-1: Ball 1-1: SINGLE (Line Drive, 9LS, EV 104.4 MPH)
|
Batting: RHB Erik Mulligan
|
0-0: Called Strike 0-1: Ball 1-1: Foul Ball, location: 2F 1-2: Strikes out swinging
|
Bottom of the 6th over - 3 runs, 4 hits, 0 errors, 1 left on base; London 3 - Chester 3 |
TOP OF THE 7TH |
London Majors batting - Pitching for Chester Pirates : LHP Stan Stirnweiss
|
Batting: RHB Bobby Lasaguna
|
0-0: DOUBLE (Groundball, 5L, EV 106.3 MPH)
|
Batting: RHB Pete Duncan
|
0-0: Ball 1-0: Ball Bobby Lasaguna steals 3rd base 2-0: Swinging Strike 2-1: Foul Ball, location: 2F 2-2: Strikes out looking
|
Batting: RHB Mike Chamberlain
|
0-0: Intentional Walk
|
Batting: RHB Terry Plumley
|
0-0: Called Strike 0-1: Foul Ball, location: 2F 0-2: Ball 1-2: Foul Ball, location: 2F 1-2: Ball Mike Chamberlain is caught stealing 2nd base 2-4 2-2: Ball 3-2: Base on Balls
|
Pinch Hitting: RHB Stephen Casteel
|
0-0: Fly out, F9 (Flyball, 89S, EV 95.0 MPH)
|
Top of the 7th over - 0 runs, 1 hit, 0 errors, 2 left on base; London 3 - Chester 3 |
BOTTOM OF THE 7TH |
Chester Pirates batting - Pitching for London Majors : RHP Brian Bailes
|
Pitching: RHP Bryan Mattis
|
|
Now at SS: Dustin Bargman
|
|
Batting: LHB Chad Cutler
|
0-0: Called Strike 0-1: Ball 1-1: Ground out 4-3 (Groundball, 4, EV 86.9 MPH)
|
Batting: RHB Terrence Wilson
|
0-0: Ball 1-0: Foul Ball, location: 2F 1-1: Fly out, F9 (Flyball, 9LD, EV 106.9 MPH)
|
Batting: RHB Tim Moore
|
0-0: Fly out, F9 (Line Drive, 9, EV 92.5 MPH)
|
Bottom of the 7th over - 0 runs, 0 hits, 0 errors, 0 left on base; London 3 - Chester 3 |
TOP OF THE 8TH |
London Majors batting - Pitching for Chester Pirates : LHP Stan Stirnweiss
|
Batting: RHB Victor Ayala
|
0-0: Ball 1-0: Swinging Strike 1-1: Called Strike 1-2: Ball 2-2: SINGLE (Flyball, 56D, EV 80.6 MPH)
|
Batting: RHB Bill Murray
|
0-0: Sac Bunt to 15 - play at first, batter OUT! 1-4 Victor Ayala to second
|
Batting: RHB Norm Mercer
|
0-0: Called Strike 0-1: Ball 1-1: Foul Ball, location: 2F 1-2: DOUBLE (Groundball, 5L, EV 109.4 MPH) Victor Ayala scores
|
Batting: RHB Brock Van Gilder
|
0-0: Intentional Walk
|
Batting: RHB Bobby Lasaguna
|
0-0: Ball 1-0: Fielders Choice at 2nd, 5-4 (Groundball, 5, EV 90.0 MPH) Norm Mercer to third
|
Batting: RHB Pete Duncan
|
0-0: Ball 1-0: SINGLE (Groundball, 34D, EV 97.5 MPH) Norm Mercer scores Bobby Lasaguna to second Runner from 2nd tries for 3rd, SAFE, throw by RF made to third Pete Duncan to second
|
Pitching: RHP Serguei Rudakovsky
|
|
Batting: RHB Mike Chamberlain
|
0-0: Foul Ball, location: 2F 0-1: Ball 1-1: Swinging Strike 1-2: Fly out, F8 (Flyball, 8RS, EV 95.6 MPH)
|
Top of the 8th over - 2 runs, 3 hits, 0 errors, 2 left on base; London 5 - Chester 3 |
BOTTOM OF THE 8TH |
Chester Pirates batting - Pitching for London Majors : RHP Bryan Mattis
|
Batting: RHB Brandon White
|
0-0: Called Strike 0-1: Called Strike 0-2: SINGLE (Groundball, 56D, EV 105.0 MPH)
|
Batting: RHB Zach Chmieleski
|
0-0: Ball 1-0: Called Strike 1-1: Foul Ball, location: 2F 1-2: Ball 2-2: Foul Ball, location: 2F 2-2: Foul Ball, location: 2F 2-2: Fly out, F7 (Flyball, 78S, EV 88.8 MPH)
|
Batting: SHB Don Hauk
|
0-0: Called Strike 0-1: Swinging Strike 0-2: Strikes out swinging
|
Batting: LHB Dustin Herman
|
0-0: Fly out, F8 (Flyball, 8LS, EV 83.8 MPH)
|
Bottom of the 8th over - 0 runs, 1 hit, 0 errors, 1 left on base; London 5 - Chester 3 |
TOP OF THE 9TH |
London Majors batting - Pitching for Chester Pirates : RHP Serguei Rudakovsky
|
Batting: RHB Terry Plumley
|
0-0: Ground out 1-3 (Groundball, 13S, EV 74.4 MPH)
|
Pinch Hitting: LHB Devin Huber
|
0-0: Called Strike 0-1: SINGLE (Flyball, 56D, EV 87.5 MPH)
|
Batting: RHB Victor Ayala
|
0-0: Ball 1-0: Hit by Pitch Devin Huber to second
|
Batting: RHB Bill Murray
|
0-0: Foul Ball, location: 2F 0-1: Ball 1-1: Called Strike 1-2: Fly out, F7 (Flyball, 7D, EV 102.5 MPH)
|
Batting: RHB Norm Mercer
|
0-0: Ball 1-0: Ball 2-0: Ball 3-0: Base on Balls Devin Huber to third Victor Ayala to second
|
Batting: RHB Brock Van Gilder
|
0-0: Ball 1-0: Foul Ball, location: 2F 1-1: Foul Ball, location: 2F 1-2: Ground out 4-3 (Groundball, 4, EV 95.0 MPH)
|
Top of the 9th over - 0 runs, 1 hit, 0 errors, 3 left on base; London 5 - Chester 3 |
BOTTOM OF THE 9TH |
Chester Pirates batting - Pitching for London Majors : RHP Bryan Mattis
|
Pitching: LHP Mario Amore
|
|
Now at SS: Brock Van Gilder
|
|
Now in CF: Mike Chamberlain
|
|
Now in RF: Devin Huber
|
|
Batting: RHB Frank Elizondo
|
0-0: Ball 1-0: Foul Ball, location: 2F 1-1: Foul Ball, location: 2F 1-2: Ball 2-2: Strikes out swinging
|
Pinch Hitting: RHB Jeff Edwards
|
0-0: Ball 1-0: Called Strike 1-1: Called Strike 1-2: Foul Ball, location: 2F 1-2: Ball 2-2: Fly out, F7 (Flyball, 7, EV 95.6 MPH)
|
Pinch Hitting: RHB Dan Kurtz
|
0-0: Ball 1-0: Called Strike 1-1: Ball 2-1: Foul Ball, location: 2F 2-2: Strikes out looking
|
Bottom of the 9th over - 0 runs, 0 hits, 0 errors, 0 left on base; London 5 - Chester 3 |
|